cohdb
Replays
Latest Replays
All Replays
Popular Replays
Top Player Replays
Match Explorer
How It Works
Community
CoH3 Stats
Reddit
Sign in to upload your games and track your stats! →
Sign in with Steam
Match 41548438
Unlisted
Match 41548438
Overview
Messages
Build Orders
End
Panzergrenadier Squad
250 Light Carrier
Panzergrenadier Squad
Construct Light Support Kompanie
2.5-tonne Medical Truck
Combat Half-tracks
Fire Support Elements
MG34 Team
Panzerjäger Mechanized Group
Construct Mechanized Kompanie
Vehicle Survival Package
Marder III Tank Destroyer
254 Reconnaissance Tractor
Marder III Tank Destroyer
Selects Armored Support Battlegroup
Selects Superior Fire Drills
Selects Salvage Kits
Selects Panzer Storm
剩者为王
R19
JT
子清
Dumpster Bob
PlammX
Tanith's Finest
KT6790
0
0
Comments
sign in to comment!
No comments posted yet!